 Dungeon Crawl Stone Soup version 0.30-a0-1123-gabc949cf19 (webtiles) character file.

Game seed: 6997608098107963125

188 LustLizard the Gusty (level 5, -6/29 HPs)
             Began as a Deep Elf Air Elementalist on Apr 22, 2023.
             Was an Initiate of Vehumet.
             Killed by divine providence
             ... invoked by an orc priest
              (14 damage)
             ... on level 5 of the Dungeon.
             The game lasted 00:08:00 (4476 turns).

LustLizard the Gusty (Deep Elf Air Elementalist)    Turns: 4476, Time: 00:08:01

Health: -6/29      AC:  2    Str:  7    XL:     5   Next: 39%
Magic:  7/12       EV: 13    Int: 20    God:    Vehumet [......]
Gold:   154        SH:  0    Dex: 21    Spells: 3/11 levels left

rFire   . . .        k - +1 dagger (venom)
rCold   . . .        (no shield)
rNeg    + . .        a - +0 robe
rPois   .            (no helmet)
rElec   .            (no cloak)
rCorr   .            (no gloves)
SInv    .            (no boots)
Will    .....        (no amulet)
Stlth   +++          u - ring of positive energy
HPRegen 0.24/turn    v - +6 ring of dexterity
MPRegen 0.13/turn

%: no passive effects
@: no status effects
A: no striking features
a: Renounce Religion


You were on level 5 of the Dungeon.
You worshipped Vehumet.
Vehumet was noncommittal.
You visited 2 branches of the dungeon, and saw 6 of its levels.

You collected 280 gold pieces.
You spent 126 gold pieces at shops.

Inventory:

Hand Weapons
 k - a +1 dagger of venom (weapon)
Armour
 a - a +0 robe (worn)
Jewellery
 u - a ring of positive energy (left hand)
 v - a +6 ring of dexterity (right hand)
Wands
 s - a wand of digging (6)
Scrolls
 c - a scroll of enchant armour {unknown}
 d - a scroll of enchant weapon {unknown}
 f - a scroll of noise {unknown}
 g - 3 scrolls of fear {unknown}
 h - 2 scrolls of fog {unknown}
 l - 2 scrolls of amnesia {unknown}
 m - a scroll of blinking {unknown}
 n - a scroll of vulnerability {unknown}
 p - a scroll of teleportation
 q - a scroll of immolation {unknown}
 w - a scroll of silence {unknown}
Potions
 b - a potion of magic
 e - 2 potions of flight
 i - 2 potions of heal wounds
 j - a potion of cancellation
 o - a potion of might
 r - a potion of berserk rage
 t - a potion of curing
 x - a potion of resistance {unknown}


   Skills:
 + Level 1.3 Fighting
 + Level 2.5 Dodging
 + Level 3.5 Stealth
 + Level 3.9 Spellcasting
 * Level 3.1 Conjurations
 + Level 0.4 Translocations
 * Level 4.1 Air Magic


You had 3 spell levels left.
You knew the following spells:

 Your Spells              Type           Power      Damage    Failure   Level
a - Shock                 Conj/Air       72%        1d7       3%          1
b - Static Discharge      Conj/Air       36%        2-4/arc   4%          2
c - Swiftness             Air            20%        N/A       7%          3
d - Blink                 Tloc           10%        N/A       17%         2

Your spell library contained the following spells:

 Spells                   Type           Power      Damage    Failure   Level
 Airstrike                Air            10%        2d(2-18)  24%         4
 Manifold Assault         Tloc           5%         N/A       73%         4
 Storm Form               Tmut/Air       6%         N/A       100%        7


Dungeon Overview and Level Annotations

Branches:
Dungeon (5/15)             Temple (1/1) D:4

Altars:
Ashenzari
Cheibriados
Dithmenos
Elyvilon
Fedhas
Gozag
Hepliaklqana
Kikubaaqudgha
Nemelex Xobeh
Okawaru
Ru
Trog
Uskayaw
Vehumet
Wu Jian
Xom
Yredelemnul
The Shining One

Shops:
D:1 [=   D:2 ?

Annotations:
D:2 Sigmund
D:4 3 runed translucent doors, ragingrage's ghost, amateur GrBr


Message History

There is a stone staircase leading up here.
g - 3 scrolls labelled BEDOIMU IMPAUMN (gained 2)
h - 2 scrolls labelled GIGEIH KUGH (gained 1)
There is a stone staircase leading up here.
You open the door.
There is an open door here.
You now have enough gold to buy a scroll of magic mapping on D:2.
You can access your shopping list by pressing '$'.
You now have 115 gold pieces (gained 13).
You now have 128 gold pieces (gained 13).
You now have 138 gold pieces (gained 10).
You now have 154 gold pieces (gained 16).
There is a sparkling altar of Nemelex Xobeh here.
There is an open door here.
An orc wizard comes into view. It is wielding a +0 dagger.
The zap hits the orc wizard.
The orc wizard is lightly wounded.
The orc wizard shouts!
The zap hits the orc wizard.
The orc wizard is heavily wounded.
The zap hits the orc wizard.
The orc wizard is severely wounded.
An orc priest comes into view.
It is wielding a +2 hand axe of electrocution.
The orc wizard points at you and mumbles some strange words.
The puff of flame hits you!
The zap hits the orc wizard.
The orc wizard is almost dead.
Unknown command.
Aiming: Shock (safe; 3% risk of failure)
Press: ? - help, Q - select action, (/) - cycle Shift-Dir - straight line, f/p - orc wizard
Aim: an orc wizard, wielding a +0 dagger and wearing a +0 robe (almost dead, 64% to hit)
The zap misses the orc wizard.
The zap hits the orc priest.
The orc priest is moderately wounded.
The orc wizard points at you and mumbles some strange words.
The magic dart hits you!
* * * LOW HITPOINT WARNING * * *
Unknown command.
The orc priest invokes the aid of Beogh against you.
Beogh smites you!
You die...

#.# ### #.# ..# #.# #.#
#.# #.# # #.# ####.#
.###.####.####....########
..o.........##.#..##.....#
.###o..#...........#.....#
#.....@.#######.#.....#
#####...#.....#.#.....#
#...#.....#.#.....#
#...'.._..#.<......
#...#.....#........
#...#.....#........
#...#######........
#.............(....
#......#####..<....


You could see an orc priest and an orc wizard.

Vanquished Creatures
  A jelly (D:4)
  Jessica (D:2)
  An iguana (D:4)
  A gnoll (D:1)
  2 adders
  3 worms
  3 dart slugs
  4 ball pythons
  5 endoplasms
  2 giant cockroaches
  11 goblins
  5 hobgoblins
  2 jackals (D:3)
  6 kobolds
  6 bats
  5 frilled lizards
  6 rats
64 creatures vanquished.

Notes
Turn   | Place    | Note
-------+----------+-------------------------------------------
     0 | D:1      | LustLizard the Deep Elf Air Elementalist began the quest
                  | for the Orb.
     0 | D:1      | Reached XP level 1. HP: 10/10 MP: 6/6
   328 | D:1      | Reached XP level 2. HP: 16/16 MP: 0/8
   410 | D:1      | Found Fyffiaca's Antique Armour Boutique.
   478 | D:1      | Found a faded altar of an unknown god.
   951 | D:1      | Reached XP level 3. HP: 20/20 MP: 7/9
  1360 | D:1      | Found Cufuirgh's Jewellery Shop.
  1541 | D:2      | You fall into a shaft and drop 1 floor!
  1643 | D:2      | Learned a level 2 spell: Static Discharge
  1647 | D:2      | Learned a level 3 spell: Swiftness
  1713 | D:2      | Noticed Jessica
  2180 | D:2      | Found Qainu's Magic Scroll Shoppe.
  2194 | D:2      | Bought a scroll of teleportation for 42 gold pieces
  2194 | D:2      | Bought a scroll of identify for 28 gold pieces
  2209 | D:2      | Reached XP level 4. HP: 24/24 MP: 7/11
  2495 | D:2      | Noticed Sigmund
  2563 | D:2      | Killed Jessica
  2564 | D:2      | Reached skill level 1 in Fighting
  2978 | D:3      | Found a shimmering altar of Xom.
  3010 | D:3      | Found an ornate altar of the Wu Jian Council.
  3189 | D:3      | Found a broken altar of Ashenzari.
  3420 | D:3      | Found an iron altar of Okawaru.
  3429 | D:3      | Found a glowing golden altar of the Shining One.
  3634 | D:2      | Bought a scroll of identify for 28 gold pieces
  3634 | D:2      | Bought a scroll of identify for 28 gold pieces
  3732 | D:4      | Found a staircase to the Ecumenical Temple.
  3745 | Temple   | Entered the Ecumenical Temple
  3844 | Temple   | Became a worshipper of Vehumet
  3952 | D:4      | Learned a level 2 spell: Blink
  4086 | D:4      | Found a runed translucent gate.
  4086 | D:4      | Found a runed translucent gate.
  4086 | D:4      | Found a runed translucent gate.
  4095 | D:4      | Reached skill level 4 in Air Magic
  4095 | D:4      | Reached XP level 5. HP: 24/29 MP: 3/12
  4209 | D:4      | Noticed ragingrage's ghost (amateur GrBr)
  4417 | D:5      | Entered Level 5 of the Dungeon
  4417 | D:5      | Found a sparkling altar of Nemelex Xobeh.
  4476 | D:5      | Killed from afar by an orc priest

Illustrated notes

Levels and vault maps discovered:
D:1:      ebering_hopf_link, layout_basic,
          hellmonk_ecumenical_altar_pennies_from_heaven, serial_shops,
          nicolae_shop_advertising_works [nicolae_subvault_shop_adworks],
          nicolae_shop_tiny_statue_garden, lemuel_flame_loot_1
D:2:      layout_loops_cross, serial_shops, nicolae_shop_tiny_waterfront,
          uniq_jessica, uniq_sigmund
D:3:      layout_basic, lemuel_round_altar, amethyst_overflow_temple_binary,
          mainiacjoe_overflow_swirl
D:4:      layout_rooms, minmay_temple_entry_sparse_star,
          ebering_ghost_rock_garden
D:5:      layout_basic, amcnicky_altar_gilded, kennysheep_mini_moat
Temple:   hc_temple_tempest_star

Skill      XL: |  1  2  3  4 |
---------------+-------------+-----
Conjurations   | 2 3 |  3.1
Stealth        | 3 |  3.5
Fighting       | 1 |  1.3
Air Magic      | 4 |  4.1
Dodging        | |  2.5
Spellcasting   | |  3.9
Translocations | |  0.4

Action                     |  1- 3 |  4- 6 || total
---------------------------+-------+-------++-------
   Cast: Shock             |    73 |    65 ||   138
         Static Discharge  |     3 |     2 ||     5
    Use: Scroll            |       |     8 ||     8
 Armour: Robe              |     1 |       ||     1
  Dodge: Dodged            |     2 |     2 ||     4

Table legend: (Time is in decaauts)
 A = Elapsed time spent in this place.
 B = Non-inter-level travel time spent in this place.
 C = Inter-level travel time spent in this place.
 D = Time resting spent in this place.
 E = Time spent auto-exploring this place.
 F = Levels seen in this place.
 G = Mean time per level.
                   A        B        C        D        E       F      G
               +--------+--------+--------+--------+--------+-----+--------+
         Total |   4475 |   4289 |    186 |     83 |   3640 |   6 |  745.8 |
       Dungeon |   4363 |   4188 |    175 |     83 |   3559 |   5 |  872.6 |
        Temple |    111 |    100 |     11 |      0 |     81 |   1 |  111.0 |
               +--------+--------+--------+--------+--------+-----+--------+

Top non-repeatable levels by time:
     D:1: 1541 daAuts
     D:2: 1215 daAuts
     D:3: 922 daAuts
     D:4: 625 daAuts
  Temple: 111 daAuts
     D:5: 58 daAuts
